[Event "7th Summer Cup 2024"]
[Site "Rhodes"]
[Date "2024.06.25"]
[Round "4.1"]
[White "Sibashvili, Giorgi"]
[Black "Papasimakopoulos, Alexandros"]
[Result "0-1"]
[ECO "A14"]
[WhiteElo "2423"]
[BlackElo "2375"]
[Annotator "RC"]
[PlyCount "137"]
[EventDate "2024.06.21"]
[EventType "swiss"]
[EventCountry "GRE"]
[SourceTitle "playchess.com"]
[Source "ChessBase"]
[SourceQuality "1"]
[TimeControl "40/5400+30:900+30"]

1. c4 e6 2. g3 d5 3. Bg2 Nf6 4. Nf3 Be7 5. O-O O-O 6. b3 a5 7. Nc3 c6 8. Bb2 Nbd7 9. d4 Rb8 10. a4 b6 11. Nd2 Bb7 12. e4 dxe4 13. Ndxe4 Nxe4 14. Nxe4 Nf6 15. Qc2 c5 16. Rad1 Bxe4 17. Bxe4 cxd4 18. Rxd4 Qc7 19. Rfd1 h6 20. Bf3 Rfd8 21. Qe2 Rxd4 22. Bxd4 Rd8 23. Qe5 Bd6 24. Qe2 Nd7 25. Qb2 Bf8 26. Be3 Nc5 27. Rxd8 Qxd8 28. Qd4 Qc8 29. Bd1 Nd7 30. Bc2 Bc5 31. Qd3 f5 32. Bd2 Ne5 33. Qe2 Bd4 34. Kg2 Qc6+ 35. f3 g5 36. h3 Kf7 37. Bd1 Kf6 38. Kh2 Qd6 39. Kg2 Ng6 40. Qd3 Ne5 41. Qe2 Qc6 42. Kh2 Qc7 43. f4 Nf7 44. Qd3 Qc5 45. g4 gxf4 46. Bxf4 Be5 47. Bxe5+ Qxe5+ 48. Kg2 f4 49. Bc2 Ke7 50. h4 Qe1 51. Qf3 Qc1 52. Qe4 Qd2+ 53. Kf1 f3 54. Qxf3 Qxc2 55. Qb7+ Kf6 56. Qxb6 Qd1+ 57. Kf2 Qd2+ 58. Kf1 Ne5 59. g5+ hxg5 60. hxg5+ Kf5 61. Qf2+ Qxf2+ 62. Kxf2 Kxg5 63. Ke3 Nc6 64. Ke4 Kf6 65. c5 Nb4 66. Kd4 e5+ 67. Kc4 e4 68. c6 Nxc6 69. Kd5 0-1

[Event "7th Summer Cup 2024"]
[Site "Rhodes"]
[Date "2024.06.25"]
[Round "4.2"]
[White "Kotronias, Vasilios"]
[Black "Budisavljevic, Luka"]
[Result "1/2-1/2"]
[ECO "C70"]
[WhiteElo "2415"]
[BlackElo "2468"]
[Annotator "TA"]
[PlyCount "153"]
[EventDate "2024.06.21"]
[EventType "swiss"]
[EventCountry "GRE"]
[SourceTitle "playchess.com"]
[Source "ChessBase"]
[SourceQuality "1"]
[TimeControl "40/5400+30:900+30"]

1. e4 e5 2. Nf3 Nc6 3. Bb5 a6 4. Ba4 Bc5 5. c3 Nge7 6. d4 exd4 7. cxd4 Bb4+ 8. Bd2 Bxd2+ 9. Nbxd2 d5 10. e5 O-O 11. O-O f6 12. Rc1 fxe5 13. dxe5 Bg4 14. h3 Bh5 15. Bxc6 Nxc6 16. Qb3 Rb8 17. Rfe1 Kh8 18. Qa3 Qe8 19. e6 Rf6 20. g4 Bg6 21. e7 Rf7 22. Ne5 Rxe7 23. Nxg6+ hxg6 24. Rxe7 Qxe7 25. Qxe7 Nxe7 26. Rxc7 Nc6 {[%emt 0:00:50] [#]} 27. Rd7 (27. Nf3 $142 $1) 27... Nb4 $16 28. a3 (28. Nf3 $16) 28... Nd3 $14 29. Rxd5 Nxb2 30. Rd6 Kh7 31. h4 a5 32. Rb6 Nd3 33. Rb5 b6 34. Ne4 Kg8 35. f3 a4 36. Kf1 Nf4 37. Ng5 Nd3 38. Ke2 Nc5 39. Ke3 Kf8 (39... Na6 $14) 40. Ne4 $16 Ne6 41. Nc3 Nc7 42. Rg5 Kf7 43. Nxa4 b5 (43... Ne6 $142) 44. Nc3 $16 Ra8 45. Rc5 (45. Nxb5 $16 Nxb5 46. Rxb5 Rxa3+ 47. Kf2) 45... Ne6 $14 46. Rxb5 Rxa3 47. Rb7+ Kf6 (47... Ke8 $14) 48. Kd2 $16 Nd4 49. f4 (49. Ne4+ $16 Ke5 50. Re7+ (50. Rxg7 Nxf3+ 51. Kc2 Kxe4 $15) 50... Kd5 51. Nc3+ (51. Rxg7 Nxf3+ 52. Kc2 Kxe4 $11) 51... Kc5 52. Rf7 (52. Rxg7 Nxf3+ 53. Ke2 Nxh4 $14)) 49... Nf3+ $11 50. Kd3 Nxh4 51. Kc4 Ng2 52. Nd5+ Ke6 53. Nc7+ Kd7 54. Nd5+ Ke6 55. Rxg7 Ra4+ 56. Kb5 (56. Kc5 $5 Ra5+ $8 (56... Nxf4 57. Re7#) 57. Kc4 $11) 56... Rxf4 ({Not} 56... Re4 57. Kc5 (57. Rxg6+ Kxd5 58. f5 Ne3 $11) (57. Rxg6+ Kxd5 58. f5 Nh4 $15)) 57. Nxf4+ Nxf4 58. Rc7 Kf6 59. Rc5 Nd3 60. Rd5 Ne5 61. g5+ Kf5 $1 62. Kc5 Kf4 $1 63. Kd6 Nf7+ 64. Ke7 Nxg5 65. Kf6 Nf3 66. Kxg6 Ke4 67. Ra5 Nd4 68. Kf6 Nc6 69. Rc5 Nd4 70. Rc8 Kd5 71. Rd8+ Ke4 72. Rd7 Nf5 73. Rh7 Nd4 74. Rh5 Nf3 75. Rh1 Nd4 76. Rh4+ Kd5 77. Rxd4+ 1/2-1/2

[Event "7th Summer Cup 2024"]
[Site "Rhodes"]
[Date "2024.06.25"]
[Round "4.3"]
[White "Nasuta, Grzegorz"]
[Black "Stefanova, Antoaneta"]
[Result "1/2-1/2"]
[ECO "C45"]
[WhiteElo "2541"]
[BlackElo "2417"]
[Annotator "TA"]
[PlyCount "44"]
[EventDate "2024.06.21"]
[EventType "swiss"]
[EventCountry "GRE"]
[SourceTitle "playchess.com"]
[Source "ChessBase"]
[SourceQuality "1"]
[TimeControl "40/5400+30:900+30"]

1. e4 e5 2. Nf3 Nc6 3. d4 exd4 4. Nxd4 Qf6 5. Nb5 Bc5 6. Qe2 Bb6 7. N1c3 Nge7 $1 8. Be3 {[%emt 0:00:26] [#] Black must now prevent Bxb6.} Ba5 {[%emt 0:00:48] ...a6 is the strong threat.} 9. O-O-O {[%emt 0:00:08] Hoping for Nd5.} a6 10. Nd4 (10. Nd5 {looks sharper.} Nxd5 11. exd5 axb5 12. dxc6 bxc6 13. Bd4+) 10... Bxc3 11. bxc3 b5 12. Qd2 Ne5 13. f4 Nc4 14. Bxc4 bxc4 15. Nf3 O-O 16. Qd4 $132 {[%emt 0:11:40][%mdl 2048] White is not keeping still} Qxd4 17. Rxd4 ({Much worse is} 17. Nxd4 Bb7 18. Nf3 d6 $15 (18... Bxe4 19. Rxd7 Nd5 20. Bd2 $15)) 17... d5 18. exd5 Nf5 {[%emt 0:00:50][%csl LRd4,LRe3] The position is equal.} 19. Re4 Nd6 20. Re7 Nf5 21. Re4 (21. Rxc7 $2 {perishes.} Nxe3 22. d6 Rd8 $19 (22... Nxg2 23. d7 $17) (22... Nd5 $2 23. Rxc4 Rd8 24. Re1 $19)) 21... Nd6 22. Re7 {[%emt 0:01:18][%cal Oe3c5] [#] Strongly threatening Bc5!} Nf5 {[%emt 0:00:09] Weighted Error Value: White=0.11 (very precise) /Black=0.09 (flawless) .  Inaccurate:     	White=3     	Black=2      OK:         	White=6     	Black=6      Best:        	---       	Black=4} 1/2-1/2

[Event "7th Summer Cup 2024"]
[Site "Rhodes"]
[Date "2024.06.25"]
[Round "4.4"]
[White "Ladopoulos, Dimitrios"]
[Black "Mostbauer, Florian"]
[Result "1/2-1/2"]
[ECO "C49"]
[WhiteElo "2374"]
[BlackElo "2324"]
[Annotator "RC"]
[PlyCount "55"]
[EventDate "2024.06.21"]
[EventType "swiss"]
[EventCountry "GRE"]
[SourceTitle "playchess.com"]
[Source "ChessBase"]
[SourceQuality "1"]
[TimeControl "40/5400+30:900+30"]

1. e4 e5 2. Nf3 Nf6 3. Nc3 Nc6 4. Bb5 Bb4 5. Bxc6 dxc6 6. d3 Qe7 7. h3 h6 8. Be3 Bd7 9. a3 Bd6 10. Qe2 O-O-O 11. Nd2 Be6 12. b4 Kb8 13. Nc4 Nd7 14. Nxd6 cxd6 15. f4 Qh4+ 16. Qf2 Qxf2+ 17. Kxf2 f6 18. b5 c5 19. Ne2 g5 20. fxe5 fxe5 21. c4 Rdf8+ 22. Ke1 Rf7 23. Kd2 Nf8 24. h4 gxh4 25. Rxh4 h5 26. Rah1 Rg8 27. Rxh5 Rxg2 28. R5h2 1/2-1/2

[Event "7th Summer Cup 2024"]
[Site "Rhodes"]
[Date "2024.06.25"]
[Round "4.5"]
[White "Ballas, Athanasios-panagioti"]
[Black "Mickiewicz, Piotr"]
[Result "1/2-1/2"]
[ECO "B36"]
[WhiteElo "2151"]
[BlackElo "2257"]
[Annotator "RC"]
[PlyCount "90"]
[EventDate "2024.06.21"]
[EventType "swiss"]
[EventCountry "GRE"]
[SourceTitle "playchess.com"]
[Source "ChessBase"]
[SourceQuality "1"]
[TimeControl "40/5400+30:900+30"]

1. e4 c5 2. Nf3 Nc6 3. d4 cxd4 4. Nxd4 g6 5. c4 Nf6 6. Nc3 d6 7. Be2 Nxd4 8. Qxd4 Bg7 9. Be3 O-O 10. Qd2 a5 11. O-O a4 12. Rab1 Qa5 13. Rfc1 Be6 14. f3 Rfc8 15. b4 axb3 16. axb3 Qb4 17. Na4 Qxd2 18. Bxd2 Nd7 19. Be3 f5 20. c5 dxc5 21. Nxc5 Rxc5 22. Rxc5 f4 23. Bf2 Nxc5 24. Bxc5 Kf7 25. Bc4 Ra2 26. Rd1 b5 27. Bxe6+ Kxe6 28. Bd4 Bxd4+ 29. Rxd4 Ra3 30. Rb4 Ra5 31. Rd4 Ra3 32. Rb4 Ra1+ 33. Kf2 Ra2+ 34. Kg1 Ra1+ 35. Kf2 Ra2+ 36. Kg1 Ra5 37. Rd4 Kf6 38. Rd5 e6 39. Rc5 g5 40. h3 h5 41. b4 Ra1+ 42. Kh2 Ra2 43. Kg1 Ra1+ 44. Kh2 Ra2 45. Kg1 Ra1+ 1/2-1/2

[Event "7th Summer Cup 2024"]
[Site "Rhodes"]
[Date "2024.06.25"]
[Round "4.6"]
[White "Sandalakis, Nikolaos"]
[Black "Grapsa, Georgia"]
[Result "1/2-1/2"]
[ECO "B44"]
[WhiteElo "2229"]
[BlackElo "1979"]
[Annotator "RC"]
[PlyCount "91"]
[EventDate "2024.06.21"]
[EventType "swiss"]
[EventCountry "GRE"]
[SourceTitle "playchess.com"]
[Source "ChessBase"]
[SourceQuality "1"]
[TimeControl "40/5400+30:900+30"]

1. e4 c5 2. Nf3 e6 3. d4 cxd4 4. Nxd4 Nc6 5. Nb5 d6 6. c4 a6 7. N5c3 Nf6 8. Be2 Bd7 9. O-O Be7 10. Be3 O-O 11. Nd2 Rb8 12. f4 Re8 13. Rc1 d5 14. exd5 exd5 15. cxd5 Nb4 16. Nc4 Bb5 17. Bb6 Qd7 18. Ba7 Bxc4 19. Bxc4 Rbc8 20. Bb3 b5 21. Bf2 Rcd8 22. Bb6 Rb8 23. Bd4 Nbxd5 24. Nxd5 Nxd5 25. Qh5 Bf6 26. Rcd1 Bxd4+ 27. Rxd4 Qa7 28. Qxd5 Rbd8 29. Qxf7+ Qxf7 30. Bxf7+ Kxf7 31. Rxd8 Rxd8 32. g4 Kf6 33. Kg2 h5 34. gxh5 Kf5 35. Kg3 Rd2 36. Re1 Rxb2 37. Re5+ Kf6 38. a4 Rb3+ 39. Kg4 Rb1 40. Rf5+ Ke6 41. Re5+ Kf6 42. Rc5 Rg1+ 43. Kf3 bxa4 44. Ra5 Rf1+ 45. Kg4 Rg1+ 46. Kf3 1/2-1/2

[Event "7th Summer Cup 2024"]
[Site "Rhodes"]
[Date "2024.06.25"]
[Round "4.7"]
[White "Witczak, Borys"]
[Black "Gelle, Istvan"]
[Result "0-1"]
[ECO "D10"]
[WhiteElo "1937"]
[BlackElo "2163"]
[Annotator "RC"]
[PlyCount "90"]
[EventDate "2024.06.21"]
[EventType "swiss"]
[EventCountry "GRE"]
[SourceTitle "playchess.com"]
[Source "ChessBase"]
[SourceQuality "1"]
[TimeControl "40/5400+30:900+30"]

1. d4 d5 2. c4 c6 3. cxd5 cxd5 4. Bf4 Nc6 5. e3 Bf5 6. Nc3 e6 7. Qb3 Qd7 8. Nf3 a6 9. Ne5 Nxe5 10. Bxe5 f6 11. Bg3 h5 12. h4 Ne7 13. Na4 Qc6 14. Nc5 Ra7 15. Kd2 Kf7 16. Rc1 b5 17. a4 bxa4 18. Qb8 Ra8 19. Qd6 Rc8 20. Bxa6 Qxd6 21. Bxd6 Rc6 22. Bxe7 Bxe7 23. Bd3 Bxc5 24. Rxc5 Rxc5 25. dxc5 Bxd3 26. Kxd3 Rb8 27. Rc1 Rxb2 28. c6 Rb8 29. Kd4 Ke7 30. Kc5 Rb3 31. e4 dxe4 32. Re1 f5 33. Rd1 a3 34. c7 a2 35. Kc6 f4 36. c8=Q Rc3+ 37. Kb7 Rxc8 38. Kxc8 e3 39. Kc7 exf2 40. Kc6 Kf6 41. Kc5 Ke5 42. Kc4 Ke4 43. Kc3 Ke3 44. Kc2 Ke2 45. Rd2+ Kf1 0-1

[Event "7th Summer Cup 2024"]
[Site "Rhodes"]
[Date "2024.06.25"]
[Round "4.8"]
[White "Ingham, H William"]
[Black "Seres, Bela"]
[Result "0-1"]
[ECO "B13"]
[WhiteElo "1873"]
[BlackElo "2126"]
[Annotator "RC"]
[PlyCount "76"]
[EventDate "2024.06.21"]
[EventType "swiss"]
[EventCountry "GRE"]
[SourceTitle "playchess.com"]
[Source "ChessBase"]
[SourceQuality "1"]
[TimeControl "40/5400+30:900+30"]

1. d4 d5 2. Bf4 c5 3. e3 cxd4 4. exd4 Nc6 5. Nf3 Bf5 6. Bd3 Bxd3 7. Qxd3 e6 8. O-O Bd6 9. Bxd6 Qxd6 10. Nc3 Nge7 11. Rfe1 a6 12. a4 Nb4 13. Qd2 Rc8 14. Ne5 Ng6 15. Nd3 O-O 16. a5 Rc7 17. Nc5 Nc6 18. Nb3 Rfc8 19. g3 Nge7 20. f4 Nf5 21. Na2 Qd8 22. c3 Nd6 23. Nac1 Nc4 24. Qe2 Re7 25. Nd3 N4xa5 26. Nxa5 Nxa5 27. f5 Nc6 28. fxe6 fxe6 29. Qg4 Qd6 30. Nf4 Rce8 31. Nd3 e5 32. dxe5 Nxe5 33. Nxe5 Rxe5 34. Rxe5 Qxe5 35. Rd1 Qe3+ 36. Kg2 Qe2+ 37. Kh3 Re6 38. Rxd5 Rh6+ 0-1